 Dungeon Crawl Stone Soup version 0.22.0-38-g04b72b8 (webtiles) character file.

50 raph the Insei (level 3, -5/27 HPs)
             Began as a Merfolk Transmuter on Aug 26, 2018.
             Slain by a gnoll
             ... wielding a +0 whip
              (9 damage)
             ... on level 2 of the Dungeon.
             The game lasted 00:04:44 (2507 turns).

raph the Insei (Merfolk Transmuter)                 Turns: 2507, Time: 00:04:45

Health: -5/27      AC:  3    Str: 10    XL:     3   Next: 79%
Magic:  6/6        EV: 13    Int: 13    God:
Gold:   100        SH:  0    Dex: 14    Spells: 0/6 levels left

rFire    . . .     SeeInvis .   g - +0 short sword (curse)
rCold    . . .     Gourm    .   (no shield)
rNeg     . . .     Faith    .   b - +0 robe
rPois    .         Spirit   .   (no helmet)
rElec    .         Reflect  .   j - +0 cloak
rCorr    +         Harm     .   (no gloves)
MR       .....                  (no boots)
Stlth    +.........             (no amulet)
HPRegen  0.09/turn              e - ring of resist corrosion
MPRegen  0.10/turn              (no ring)

@: appendage (expiring)
A: change form in water, swift swim, stealthy swim, horns 2
a: End Transformation


You were on level 2 of the Dungeon.
You were very hungry.
You had grown temporary horns.
You visited 1 branch of the dungeon, and saw 3 of its levels.

You collected 100 gold pieces.

Inventory:

Hand Weapons
 c - a +0 spear
 f - a +2 vampiric short sword
 g - a cursed +0 short sword (weapon)
Missiles
 a - 44 arrows
 i - 110 stones (quivered)
 o - 5 javelins
 r - 2 javelins of returning
Armour
 b - a +0 robe (worn)
 j - a +0 cloak (worn)
Jewellery
 e - a ring of resist corrosion (left hand)
Scrolls
 p - a scroll of fear
Potions
 h - a potion of curing
 k - a potion of ambrosia
 l - 2 potions of mutation
 m - 2 potions of heal wounds
 n - 2 potions of flight {unknown}
Comestibles
 d - 4 rations


   Skills:
 + Level 1.7 Fighting
 + Level 3.1 Dodging
 + Level 3.9 Unarmed Combat
 + Level 2.2 Spellcasting
 * Level 3.7 Transmutations


You couldn't memorise any spells.
You knew the following spells:

 Your Spells              Type           Power        Failure   Level  Hunger
a - Beastly Appendage     Tmut           ##....       5%          1    ##.....
b - Sticks to Snakes      Tmut           ##......     9%          2    ###....
c - Spider Form           Tmut/Pois      #.........   34%         3    ####...

Your spell library contained the following spells:

 Spells                   Type           Power        Failure   Level  Hunger
 Ice Form                 Ice/Tmut       #.......     75%         4    #####..
 Blade Hands              Tmut           ##........   83%         5    ######.


Dungeon Overview and Level Annotations

Branches:
Dungeon (3/15)

Altars:


Innate Abilities, Weirdness & Mutations

You revert to your normal form in water.
You are very nimble and swift while swimming.
You are very stealthy in the water. (Stealth+)
You have a pair of horns on your head.


Message History

Your transformation is almost over.
The gnoll barely misses you.
You hit the gnoll.
The gnoll is moderately wounded.
The gnoll hits you with a whip.
You hit the gnoll but do no damage.
The gnoll is moderately wounded.
The gnoll hits you with a whip.
* * * LOW HITPOINT WARNING * * *
You closely miss the gnoll. You headbutt the gnoll.
The gnoll is severely wounded.
The gnoll hits you with a whip.
* * * LOW HITPOINT WARNING * * *
You closely miss the gnoll.
The gnoll is severely wounded.
The gnoll misses you.
You hit the gnoll.
The gnoll is severely wounded.
The gnoll barely misses you. The gnoll hits you with a whip!
You die...

#.............#
########.......#
########..............#
..............>.......#
######.......#........#
##.####.#........# #..#
#.#.#.###### #######..#
#.#.#g#
#.....#..###.#.#@#
'.....#......#.#.#
#.....#..#.....#.#
#..)..#..........#
##......#......###
#.#...........#
#.#....#......#
##>#..#.#......#
##.#.##.#......#


You could see a gnoll.

Vanquished Creatures
  An adder (D:2)
  A leopard gecko (D:1)
  2 orcs (D:2)
  3 hobgoblins (D:1)
  5 jackals
  A quokka (D:2)
  3 bats (D:1)
  5 goblins
  11 kobolds
  4 rats
36 creatures vanquished.

Notes
Turn   | Place    | Note
-------+----------+-------------------------------------------
     0 | D:1      | raph the Merfolk Transmuter began the quest for the Orb.
     0 | D:1      | Reached XP level 1. HP: 15/15 MP: 3/3
   191 | D:1      | Reached XP level 2. HP: 17/21 MP: 5/5
   267 | D:1      | Learned a level 2 spell: Sticks to Snakes
  1207 | D:1      | Reached XP level 3. HP: 26/26 MP: 6/6
  1478 | D:2      | Learned a level 3 spell: Spider Form
  2507 | D:2      | Slain by a gnoll

Skill      XL: |  1  2  3 |
---------------+----------+-----
Transmutations | 3 |  3.7
Dodging        | 3 |  3.1
Fighting       | |  1.7
Unarmed Combat | |  3.9
Spellcasting   | |  2.2

Action                   || total
-------------------------++-------
Melee: Unarmed           ||    14
       Spear             ||     5
       Short sword       ||   128
       Headbutt          ||    11
       Punch             ||     2
 Cast: Beastly Appendage ||    11
  Use: Scroll            ||     7
 Stab: Distracted        ||     1
  Eat: Chunk             ||     4
Armor: Robe              ||    47
Dodge: Dodged            ||   118
